 Dungeon Crawl Stone Soup version 0.28-a0-1565-g95a8017c83 (webtiles) character file.

Game seed: 5170994144487584618

49 kae the Insei (level 3, 0/26 HPs)
             Began as a Demonspawn Transmuter on Jan 19, 2022.
             Killed from afar by an orc wizard (3 damage)
             ... with a magic dart
             ... on level 3 of the Dungeon.
             The game lasted 00:00:58 (2015 turns).

kae the Insei (Demonspawn Transmuter)               Turns: 2015, Time: 00:00:58

Health: 0/26       AC:  2    Str: 10    XL:     3   Next: 53%
Magic:  3/6        EV: 19    Int: 16    God:
Gold:   46         SH:  0    Dex: 18    Spells: 2/6 levels left

rFire   . . .      SeeInvis .     - Unarmed
rCold   . . .      Faith    .   (shield currently unavailable)
rNeg    . . .      Spirit   .   (armour currently unavailable)
rPois   .          Reflect  .   (helmet currently unavailable)
rElec   .          Harm     .   (cloak currently unavailable)
rCorr   .          Rampage  .   (gloves currently unavailable)
Will    .....                   (boots currently unavailable)
Stlth   +.........              (no amulet)
HPRegen 0.08/turn               b - ring of poison resistance
MPRegen 0.10/turn               (no ring)

@: confused, spider-form (expiring), attractive
A: venomous fangs, tiny, (antennae 1), demonic guardian 1
a: End Transformation


You were on level 3 of the Dungeon.
You were a venomous arachnid creature.
You visited 1 branch of the dungeon, and saw 3 of its levels.

You collected 46 gold pieces.

Inventory:

Armour
 a - a +0 robe (melded)
Jewellery
 b - a ring of poison resistance (left front leg)
Scrolls
 d - a scroll of amnesia
 e - a scroll of fog


   Skills:
 + Level 1.3 Fighting
 + Level 2.0 Dodging
 * Level 3.2 Unarmed Combat
 + Level 2.2 Spellcasting
 * Level 2.4 Transmutations
 * Level 0.3 Poison Magic


You had 2 spell levels left.
You knew the following spells:

 Your Spells              Type           Power      Damage    Failure   Level
a - Beastly Appendage     Tmut           18%        N/A       21%         1
b - Spider Form           Tmut/Pois      6%         N/A       56%         3

Your spell library contained the following spells:

 Spells                   Type           Power      Damage    Failure   Level
 Wereblood                Tmut           9%         N/A       28%         2
 Animate Skeleton         Necr           2%         N/A       41%         1
 Pain                     Necr           4%         1d4       41%         1
 Vampiric Draining        Necr           1%         2d6       73%         3
 Ice Form                 Ice/Tmut       5%         N/A       90%         4
 Animate Dead             Necr           0%         N/A       97%         4
 Haunt                    Necr/Summ      0%         N/A       100%        7
 Infestation              Necr           0%         N/A       100%        8


Dungeon Overview and Level Annotations

Branches:
Dungeon (3/15)

Altars:


Innate Abilities, Weirdness & Mutations

You are a venomous arachnid creature.
You have poisonous fangs.
You are tiny and dextrous.
Your spellcasting is less reliable in this form.
Your armour is entirely melded.
You are incapable of wielding weapons or throwing items.
((You have a pair of small antennae on your head.))
A weak demonic guardian rushes to your aid.


Message History

An orc comes into view. It is wielding a +0 short sword.
The orc hits you with a +0 short sword. Something hits you.
The orc throws a boomerang.
The boomerang closely misses you.
Your transformation is almost over.
Found a stone staircase leading up.
A magic dart appears from out of thin air!
The magic dart hits you!
A demonic guardian appears!
Casting: Beastly Appendage (safe; 8% risk of failure)
Confirm with . or Enter, or press ? or * to list all spells.
The spell is extremely dangerous to miscast (34% risk of failure)!
Continue anyway? [Y]es or [N]o only, please.
The spell is extremely dangerous to miscast (34% risk of failure)!
Continue anyway?
Your talons disappear.
You turn into a venomous arachnid creature.
Your +0 robe melds into your body.
You hear some strange, mumbled words.
You are confused.
You hit your quasit.
Your quasit is poisoned.
Your quasit is lightly wounded.
Unknown command.
You bite your quasit!
Your quasit is almost dead.
Something hits you.
The orc throws a boomerang.
The boomerang barely misses you.
You bump into the rock wall.
You kill your quasit!
Your quasit disappears in a puff of smoke!
You hear some strange, mumbled words.
A magic dart appears from out of thin air!
The magic dart hits you!
* * * LOW HITPOINT WARNING * * *
Your transformation is almost over.
It was a potion of attraction.
You feel attractive to monsters.
You hear some strange, mumbled words.
A magic dart appears from out of thin air!
The magic dart hits you.
You die...

#. #. #. .
###.###. ........
# .....# .#
######.o####.##...
..<....oo{s.....#
#####.o###.###...
#..# .# #..###.###
.######.o#.....#
.....$..o#.....##.
######............
##..#...!.###
#.......o..#


You could see 4 orcs.

Vanquished Creatures
  An adder (D:2)
  A worm (D:2)
  7 ball pythons (D:1)
  2 bats
  4 endoplasms
  2 goblins
  A hobgoblin (D:2)
  5 jackals
  3 kobolds (D:1)
  A quokka (D:3)
  4 frilled lizards
  4 rats (D:1)
35 creatures vanquished.

Vanquished Creatures (others)
  4 toadstools (D:1)
4 creatures vanquished.

Grand Total: 39 creatures vanquished

Notes
Turn   | Place    | Note
-------+----------+-------------------------------------------
     0 | D:1      | kae the Demonspawn Transmuter began the quest for the Orb.
     0 | D:1      | Reached XP level 1. HP: 15/15 MP: 3/3
   454 | D:1      | Gained mutation: A weak demonic guardian rushes to your
                  | aid. [demonic ancestry]
   454 | D:1      | Reached XP level 2. HP: 7/21 MP: 3/5
   917 | D:1      | Reached skill level 3 in Unarmed Combat
  1245 | D:2      | Lost mutation: You have a pair of horns on your head.
                  | [demonic ancestry]
  1245 | D:2      | Lost mutation: You have a pair of small horns on your head.
                  | [demonic ancestry]
  1245 | D:2      | Gained mutation: You have a pair of small antennae on your
                  | head. [demonic ancestry]
  1245 | D:2      | Reached XP level 3. HP: 13/26 MP: 4/6
  1447 | D:2      | Learned a level 3 spell: Spider Form
  1889 | D:2      | You fall into a shaft and drop 1 floor!
  2015 | D:3      | Killed from afar by an orc wizard

Illustrated notes

Levels and vault maps discovered:
D:1:      ldierk_walled_garden_2, layout_basic
D:2:      layout_rooms, hellmonk_ecumenical_altar_heavens_door, serial_shops,
          shop
D:3:      layout_loops_ring, st_stairs_12, kennysheep_generic_room_12

Skill      XL: |  1  2 |
---------------+-------+-----
Transmutations | 2 |  2.4
Unarmed Combat | 3 |  3.2
Dodging        | 2 |  2.0
Fighting       | |  1.3
Spellcasting   | |  2.2
Poison Magic   | |  0.3

Action                   || total
-------------------------++-------
Melee: Unarmed           ||   104
       Kick              ||    20
       Headbutt          ||     5
       Punch             ||     1
 Cast: Beastly Appendage ||    22
       Spider Form       ||     1
  Use: Scroll            ||     4
       Potion            ||     1
Armor: Robe              ||    15
Dodge: Dodged            ||    93

Table legend: (Time is in decaauts)
 A = Elapsed time spent in this place.
 B = Non-inter-level travel time spent in this place.
 C = Inter-level travel time spent in this place.
 D = Time resting spent in this place.
 E = Time spent auto-exploring this place.
 F = Levels seen in this place.
 G = Mean time per level.
                   A        B        C        D        E       F      G
               +--------+--------+--------+--------+--------+-----+--------+
         Total |   2009 |   2004 |      5 |    221 |   1498 |   3 |  669.7 |
       Dungeon |   2009 |   2004 |      5 |    221 |   1498 |   3 |  669.7 |
               +--------+--------+--------+--------+--------+-----+--------+

Top non-repeatable levels by time:
     D:1: 1218 daAuts
     D:2: 666 daAuts
     D:3: 125 daAuts
